 Dungeon Crawl Stone Soup version 0.29.1-15-g9cfb28693d (webtiles) character file.

Game seed: 14461923406833792710

589 buttlover the Ruffian (level 7, -21/60 HPs)
             Began as a Hill Orc Monk on Mar 22, 2023.
             Demolished by a two-headed ogre
             ... wielding a +0 giant club
              (29 damage)
             ... on level 5 of the Dungeon.
             The game lasted 00:47:28 (4884 turns).

buttlover the Ruffian (Hill Orc Monk)               Turns: 4884, Time: 00:47:29

Health: -21/60     AC:  4    Str: 16    XL:     7   Next: 38%
Magic:  7/7        EV: 16    Int: 10    God:
Gold:   319        SH:  0    Dex: 13    Spells: 6/6 levels left

rFire   . . .      SeeInvis .     - Unarmed
rCold   . . .      Faith    .   (no shield)
rNeg    . . .      Spirit   .   s - +0 leather armour
rPois   .          Reflect  .   (helmet restricted)
rElec   .          Harm     .   z - +0 cloak
rCorr   .          Rampage  .   (no gloves)
Will    .....                   (no boots)
Stlth   +.........              (no amulet)
HPRegen 0.20/turn               p - +4 ring of evasion
MPRegen 0.10/turn               (no ring)

@: confused, ambrosia-drunk
A: horns 1, screaming 1, MP-powered wands
a: no special abilities


You were on level 5 of the Dungeon.
You visited 1 branch of the dungeon, and saw 5 of its levels.

You collected 319 gold pieces.

Inventory:

Hand Weapons
 c - a +0 sling
 B - a +1 vorpal falchion
Missiles
 e - 14 stones (quivered)
 j - 6 poisoned darts
 D - 5 large rocks
Armour
 a - a +0 robe
 o - a +0 scale mail
 s - a +0 leather armour (worn)
 v - a +0 helmet
 z - a +0 cloak (worn)
Jewellery
 p - a +4 ring of evasion (left hand)
Wands
 h - a wand of polymorph (6)
Scrolls
 d - a scroll of fear
 f - a scroll of enchant armour {unknown}
 k - 2 scrolls of magic mapping {unknown}
 n - a scroll of torment {unknown}
 q - a scroll of summoning {unknown}
 u - 3 scrolls of identify {unknown}
 w - a scroll of vulnerability {unknown}
 x - a scroll of amnesia {unknown}
 y - 2 scrolls of blinking {unknown}
 A - a scroll of enchant weapon {unknown}
 F - a scroll of immolation {unknown}
Potions
 b - a potion of ambrosia
 g - 2 potions of mutation
 i - a potion of magic {unknown}
 l - a potion of resistance
 m - a potion of curing
 r - 2 potions of flight
 t - a potion of berserk rage {unknown}
 C - 2 potions of might {unknown}
 E - a potion of attraction {unknown}
 G - a potion of brilliance {unknown}


   Skills:
 * Level 4.7 Fighting
 + Level 2.8 Throwing
 + Level 2.4 Armour
 + Level 3.0 Dodging
 - Level 2.4 Stealth
 + Level 6.4 Unarmed Combat


You had 6 spell levels left.
You didn't know any spells.
Your spell library contained the following spells:

 Spells                   Type           Power      Damage    Failure   Level
 Summon Guardian Golem    Hex/Summ       0%         N/A       80%         3
 Orb of Destruction       Conj           0%         9d5       100%        7
 Spellforged Servitor     Conj/Summ      0%         N/A       100%        7


Dungeon Overview and Level Annotations

Branches:
Dungeon (5/15)
 Temple: D:4-7

Altars:
Elyvilon


Innate Abilities, Weirdness & Mutations

You have a pair of small horns on your head.
You occasionally shout uncontrollably at your foes.
You expend magic power (3 MP) to strengthen your wands.


Message History

The ogre is lightly wounded.
You punch the two-headed ogre! You headbutt the two-headed ogre.
The two-headed ogre is moderately wounded.
You barely miss the two-headed ogre.
The two-headed ogre is moderately wounded.
The two-headed ogre completely misses you.
The two-headed ogre misses you.
You punch the two-headed ogre!
You headbutt the two-headed ogre, but do no damage.
The two-headed ogre is moderately wounded.
You hit the two-headed ogre.
The two-headed ogre is moderately wounded.
The two-headed ogre hits you with a +0 giant club!
The two-headed ogre completely misses you.
You barely miss the two-headed ogre.
The two-headed ogre is moderately wounded.
You hit the two-headed ogre. You headbutt the two-headed ogre.
The two-headed ogre is heavily wounded.
The two-headed ogre hits you with a +0 giant club!
* * * LOW HITPOINT WARNING * * *
The two-headed ogre barely misses you.
You are confused.
You feel invigorated. The two-headed ogre misses you. x2
The white imp shouts, "Bolt, thou venomed miscreant canker-blossom!"
You closely miss the two-headed ogre.
The two-headed ogre is heavily wounded.
The two-headed ogre misses you.
The two-headed ogre completely misses you.
You punch the two-headed ogre!
The two-headed ogre is severely wounded.
You closely miss the two-headed ogre.
You headbutt the two-headed ogre, but do no damage.
The two-headed ogre is severely wounded.
The two-headed ogre barely misses you.
The two-headed ogre hits you with a +0 giant spiked club!!
* * * LOW HITPOINT WARNING * * *
The two-headed ogre attacks as you move away!
The two-headed ogre misses you.
The two-headed ogre hits you with a +0 giant spiked club!!
You die...

####.......###########.#.. # ...
.....#####.# #.#.# .###.# ######
#.# #.#.##.#.... ##.##
#......###.# #########...######
##...###.^.. #.......#........#
#.<...###.#
#.......#........######....####.#
#.......##..#.##.##...........#.#
#.......##..#...@O5O.............
#.......##..#.##.##...........#.#
#.......##..#.##.######.........#
#.......##......)# #...#######
#######.###......# #...# # ....#
#.##.......# #...# #
###.###.##.##.##.# ##.## #
###...........##.# #.#
#......##..##.##.# #.#######


You could see a two-headed ogre, an ogre and a white imp.

Vanquished Creatures
  An ogre (D:5)
  A scorpion (D:4)
  A bullfrog (D:5)
  A howler monkey (D:5)
  2 hounds
  An orc priest (D:3)
  Jessica (D:3)
  8 adders
  4 gnolls (D:3)
  A shadow imp (D:5)
  An ufetubus (D:5)
  2 worms
  3 dart slugs
  10 orcs
  11 endoplasms
  2 giant cockroaches
  8 goblins
  7 hobgoblins
  A quokka (D:4)
  10 ball pythons
  8 bats
  2 frilled lizards
  7 kobolds
  6 rats
99 creatures vanquished.

Notes
Turn   | Place    | Note
-------+----------+-------------------------------------------
     0 | D:1      | buttlover the Hill Orc Monk began the quest for the Orb.
     0 | D:1      | Reached XP level 1. HP: 19/19 MP: 1/1
   244 | D:1      | Reached XP level 2. HP: 27/27 MP: 2/2
   873 | D:2      | Reached XP level 3. HP: 10/33 MP: 3/3
  1135 | D:2      | Reached skill level 1 in Throwing
  1349 | D:2      | Reached skill level 4 in Unarmed Combat
  1465 | D:2      | Reached XP level 4. HP: 28/40 MP: 4/4
  1760 | D:3      | Reached skill level 1 in Armour
  1771 | D:3      | Noticed Jessica
  1800 | D:3      | Killed Jessica
  1941 | D:3      | Reached XP level 5. HP: 42/46 MP: 5/5
  2388 | D:3      | Reached skill level 5 in Unarmed Combat
  2388 | D:3      | Reached XP level 6. HP: 36/52 MP: 6/6
  3447 | D:5      | Entered Level 5 of the Dungeon
  3466 | D:5      | Reached skill level 6 in Unarmed Combat
  3466 | D:5      | Reached XP level 7. HP: 38/60 MP: 7/7
  4289 | D:5      | Gained mutation: You have a pair of small horns on your
                  | head. [potion of mutation]
  4289 | D:5      | Gained mutation: You occasionally shout uncontrollably at
                  | your foes. [potion of mutation]
  4289 | D:5      | Gained mutation: You expend magic power (3 MP) to
                  | strengthen your wands. [potion of mutation]
  4661 | D:5      | Found a white marble altar of Elyvilon.
  4661 | D:5      | Noticed a two-headed ogre
  4884 | D:5      | Demolished by a two-headed ogre

Illustrated notes

Levels and vault maps discovered:
D:1:      lightli_arrival_windingriver, layout_basic
D:2:      minmay_evil_eye, layout_rooms, minmay_misc_feat_nine_boxes,
          interstate_on_off, kennysheep_cross_bottleneck
D:3:      layout_loops_cross, uniq_jessica
D:4:      layout_rooms, corexii_hall_statues_x
D:5:      layout_loops_cross, minmay_misc_feat_hallway, minmay_ruined_shrine

Skill      XL: |  1  2  3  4  5  6 |
---------------+-------------------+-----
Fighting       | 4 |  4.7
Throwing       | 1 2 |  2.8
Stealth        | 2 |  2.4
Unarmed Combat | 4 5 6 |  6.4
Armour         | 1 2 |  2.4
Dodging        | 3 |  3.0

Action                   |  1- 3 |  4- 6 |  7- 9 || total
-------------------------+-------+-------+-------++-------
Melee: Unarmed           |   144 |   184 |    50 ||   378
       Punch             |     1 |     7 |     3 ||    11
       Headbutt          |       |       |    11 ||    11
Throw: Stone             |    30 |    23 |     6 ||    59
       Boomerang         |       |    34 |       ||    34
  Use: Scroll            |     2 |     2 |     2 ||     6
       Potion            |     2 |     5 |     2 ||     9
 Stab: Sleeping          |     1 |     4 |       ||     5
Armor: Robe              |    15 |       |       ||    15
       Ring mail         |    20 |       |       ||    20
       Leather armour    |     1 |    28 |     7 ||    36
Dodge: Dodged            |    93 |   139 |    55 ||   287
